 Dungeon Crawl Stone Soup version 0.30-a0-1043-g60ff8d5f49 (webtiles) character file.

Game seed: 6197665429344053013

338 Pimp the Covered (level 6, -2/49 HPs)
             Began as a Human Fighter on Apr 10, 2023.
             Slain by an ogre
             ... wielding a +0 giant club
              (18 damage)
             ... on level 4 of the Dungeon.
             The game lasted 00:05:17 (3692 turns).

Pimp the Covered (Human Fighter)                    Turns: 3692, Time: 00:05:18

Health: -2/49      AC: 13    Str: 16    XL:     6   Next: 85%
Magic:  6/6        EV:  7    Int: 11    God:
Gold:   149        SH:  5    Dex: 12    Spells: 5/5 levels left

rFire   . . .      SeeInvis .    a - +0 war axe
rCold   . . .      Faith    .    c - +0 buckler
rNeg    . . .      Spirit   .    d - +0 chain mail
rPois   .          Reflect  .    (no helmet)
rElec   .          Rampage  .    (no cloak)
rCorr   .                        (no gloves)
Will    .....                    (no boots) Stlth
                                 (no amulet)
HPRegen 0.28/turn                l - +4 ring of protection
MPRegen 0.10/turn                q - ring of wizardry

@: no status effects
A: no striking features
a: no special abilities


You were on level 4 of the Dungeon.
You visited 1 branch of the dungeon, and saw 4 of its levels.

You collected 149 gold pieces.

Inventory:

Hand Weapons
 a - a +0 war axe (weapon)
Armour
 b - a +0 scale mail
 c - a +0 buckler (worn)
 d - a +0 chain mail (worn)
 o - a +0 tower shield
 r - a +0 pair of boots
Jewellery
 l - a +4 ring of protection (left hand)
 m - a ring of flight
 q - a ring of wizardry (right hand)
Scrolls
 g - 3 scrolls of identify
 h - a scroll of immolation {unknown}
 i - a scroll of silence {unknown}
 j - 2 scrolls of poison
Potions
 e - a potion of berserk rage {unknown}
 f - a potion of curing
 k - 2 potions of degeneration {unknown}
 n - 2 potions of attraction {unknown}
 p - a potion of heal wounds {unknown}


   Skills:
 + Level 4.3 Fighting
 + Level 3.7 Axes
 + Level 4.3 Armour
 + Level 4.3 Shields


You had 5 spell levels left.
You didn't know any spells.
Your spell library contained the following spells:

 Spells                   Type           Power      Damage    Failure   Level
 Frozen Ramparts          Ice            0%         1d1       99%         3
 Hailstorm                Conj/Ice       0%         3d3       99%         3
 Ice Form                 Ice/Tmut       0%         N/A       100%        4
 Summon Ice Beast         Ice/Summ       0%         N/A       100%        4
 Simulacrum               Ice/Necr       0%         N/A       100%        6


Dungeon Overview and Level Annotations

Branches:
Dungeon (4/15)             Temple (0/1) D:4

Altars:

Shops:
D:2 (


Message History

The adder is severely wounded.
The adder bites you but does no damage. x2
You closely miss the adder.
The adder is severely wounded.
The adder barely misses you. The adder bites you but does no damage.
You miss the adder.
The adder is severely wounded.
You block the adder's attack. The adder bites you but does no damage.
You slash the adder!
You kill the adder!
You see here an adder corpse.
You see here a staff of earth.
You open the door.
There is an open door here.
An ogre comes into view. It is wielding a +0 giant club.
You see here a scroll of identify.
g - 3 scrolls of identify (gained 1)
There is an open door here.
There is an open door here.
There is an open door here.
You see here a +0 pair of boots.
r - a +0 pair of boots You hit the ogre.
The ogre is lightly wounded.
The ogre barely misses you.
You closely miss the ogre.
The ogre is lightly wounded.
The ogre barely misses you.
You closely miss the ogre.
The ogre is lightly wounded.
The ogre hits you with a +0 giant club!
You slash the ogre!
The ogre is heavily wounded.
The ogre hits you with a +0 giant club!!
You hit the ogre.
The ogre is heavily wounded.
You barely miss the ogre.
The ogre is heavily wounded.
The ogre hits you with a +0 giant club!!
You die...

#.######## #......... #.########
#.# #.# ###### ###### #.# .....#
#....######.# .....#
#.........#.###### .....#
#..@......#......### .....#
###O......#......##.
...|†###########.......#......##.
.....'.......O.'...>..........##.
....)###########.......##.....##.
.....# #.......##.....##. .....#
#.......''.....##. ######
#.......##.....### ###
####.......##.....#


You could see an ogre.

Vanquished Creatures
  A black bear (D:4)
  2 orc priests (D:3)
  Terence (D:3)
  2 orc wizards (D:3)
  3 adders
  A worm (D:2)
  2 dart slugs
  11 orcs
  7 ball pythons
  5 bats
  6 endoplasms
  6 goblins
  4 hobgoblins
  4 jackals (D:3)
  2 quokkas (D:1)
  6 frilled lizards
  7 kobolds
  2 rats
72 creatures vanquished.

Notes
Turn   | Place    | Note
-------+----------+-------------------------------------------
     0 | D:1      | Pimp the Human Fighter began the quest for the Orb.
     0 | D:1      | Reached XP level 1. HP: 18/18 MP: 1/1
   174 | D:1      | Reached XP level 2. HP: 24/24 MP: 2/2
   525 | D:1      | Reached XP level 3. HP: 29/29 MP: 3/3
   615 | D:1      | Found a faded altar of an unknown god.
  1445 | D:2      | Found Kazop's Antique Weapon Shoppe.
  1487 | D:2      | Reached XP level 4. HP: 30/35 MP: 4/4
  1934 | D:3      | Noticed Terence
  1939 | D:3      | Killed Terence
  2179 | D:3      | Reached XP level 5. HP: 33/42 MP: 5/5
  2687 | D:3      | Reached XP level 6. HP: 15/48 MP: 6/6
  3180 | D:4      | Found a staircase to the Ecumenical Temple.
  3204 | D:4      | Noticed a black bear
  3213 | D:4      | Killed a black bear
  3658 | D:4      | Noticed an ogre
  3692 | D:4      | Slain by an ogre

Illustrated notes

Levels and vault maps discovered:
D:1:      saegor_arrival_simple_b, layout_basic,
          nicolae_ecumenical_snake_handling
D:2:      layout_loops_corners, serial_shops, nicolae_shop_crystal
D:3:      layout_loops_corners, uniq_terence
D:4:      layout_basic, minmay_temple_entry_antechambers,
          hangedman_abyss_or_decor_passed

Skill      XL: |  1  2  3  4  5 |
---------------+----------------+-----
Axes           | 3 |  3.7
Fighting       | 4 |  4.3
Armour         | 4 |  4.3
Shields        | 4 |  4.3

Action                     |  1- 3 |  4- 6 || total
---------------------------+-------+-------++-------
  Melee: War axe           |    76 |   126 ||   202
    Use: Scroll            |       |     7 ||     7
         Potion            |       |     2 ||     2
 Armour: Scale mail        |    35 |    33 ||    68
         Chain mail        |       |    44 ||    44
  Dodge: Dodged            |    27 |    53 ||    80
  Block: Buckler           |    15 |    34 ||    49

Table legend: (Time is in decaauts)
 A = Elapsed time spent in this place.
 B = Non-inter-level travel time spent in this place.
 C = Inter-level travel time spent in this place.
 D = Time resting spent in this place.
 E = Time spent auto-exploring this place.
 F = Levels seen in this place.
 G = Mean time per level.
                   A        B        C        D        E       F      G
               +--------+--------+--------+--------+--------+-----+--------+
         Total |   3767 |   3669 |     98 |    172 |   2863 |   4 |  941.8 |
       Dungeon |   3767 |   3669 |     98 |    172 |   2863 |   4 |  941.8 |
               +--------+--------+--------+--------+--------+-----+--------+

Top non-repeatable levels by time:
     D:3: 1186 daAuts
     D:2: 1004 daAuts
     D:1: 915 daAuts
     D:4: 662 daAuts
